 Dungeon Crawl Stone Soup version 0.20-a0-787-g4ba4951 (webtiles) character file.

33 polly the Charmwright (level 3, -4/30 HPs)
             Began as a Draconian Skald on Feb 27, 2017.
             Slain by a gnoll
             ... wielding a +0 flail of protection
              (6 damage)
             ... on level 1 of the Dungeon.
             The game lasted 00:00:58 (831 turns).

polly the Charmwright (Draconian Skald)              Turns: 831, Time: 00:00:59

Health: -4/30      AC:  6    Str: 13    XL:     3   Next: 12%
Magic:  4/6        EV: 12    Int: 14    God:
Gold:   78         SH:  0    Dex: 10    Spells: 5/6 levels left

rFire    . . .     SeeInvis .   a - +0 mace
rCold    . . .     Gourm    .   (armour unavailable)
rNeg     . . .     Faith    .   (no shield)
rPois    .         Spirit   .   (helmet restricted)
rElec    .         Reflect  .   (no cloak)
rCorr    .         Harm     .   (no gloves)
MR       .....                  g - +0 pair of boots
Stlth    +.........             (no amulet)
Regen    0.1/turn               (no ring)
MPRegen  0.1/turn               (no ring)

@: infused
A: unfitting armour, cold-blooded, AC +5
a: no special abilities


You were on level 1 of the Dungeon.
You were not hungry.

You visited 1 branch of the dungeon, and saw 1 of its levels.

You collected 78 gold pieces.

Inventory:

Hand Weapons
 a - a +0 mace (weapon)
Armour
 g - a +0 pair of boots (worn)
Scrolls
 d - a scroll of magic mapping {unknown}
Potions
 e - 2 potions of curing {unknown}
 f - a potion of resistance {unknown}
Books
 b - a book of Battle

   Spells                             Type                      Level
   a - Infusion                       Charms                       1
   b - Shroud of Golubria             Charms/Translocation         2
   c - Song of Slaying                Charms                       2
   d - Spectral Weapon                Hexes/Charms                 3
   e - Regeneration                   Charms/Necromancy            3
Comestibles
 c - a bread ration


   Skills:
 + Level 2.5 Fighting
 + Level 2.2 Maces & Flails
 + Level 2.4 Dodging
 + Level 2.2 Spellcasting
 + Level 3.2 Charms


You had 5 spell levels left.
You knew the following spells:

 Your Spells              Type           Power        Failure   Level  Hunger
a - Infusion              Chrm           ##..         10%         1    #......


Dungeon Overview and Level Annotations

Branches:
Dungeon (1/15)

Altars:


Innate Abilities, Weirdness & Mutations

Your plain brown scales are hard. (AC +5)
You cannot fit into any form of body armour.
You are cold-blooded and may be slowed by cold attacks.


Message History

The gnoll misses you.
You barely miss the gnoll.
The gnoll is heavily wounded.
The gnoll hits you with a flail of protection!
* * * LOW HITPOINT WARNING * * *
Casting: Infusion
Confirm with . or Enter, or press ? or * to list all spells.
You begin infusing your attacks with magical energy.
The gnoll hits you with a flail of protection.
* * * LOW HITPOINT WARNING * * *
You hit the gnoll.
The gnoll is severely wounded.
The gnoll barely misses you.
You closely miss the gnoll.
The gnoll is severely wounded.
The gnoll closely misses you.
You hit the gnoll.
The gnoll is almost dead.
The gnoll hits you with a flail of protection.
You die...

.#...# #.#(###### .#...#
#.#)†....# .# .#...#
#.#.####.# .# .###.#
#.#.# #.# ..####
.###)###.#.## #.# .....
.##.......#.###.##..####
.##..###.###............
...÷.# #..#.###...>.....
####.# #.#.## ##@#..####
.###.###....# #g#..#
..........#.# #.# .#
......##..#.. ... .#
..........# .. ... #
....#..#### .####
#.#....... . #.....###.#
## ####### #


You could see a gnoll.

Vanquished Creatures
  A dart slug (D:1)
  3 leopard geckos (D:1)
  A ball python (D:1)
  2 giant cockroaches (D:1)
  3 goblins (D:1)
  A hobgoblin (D:1)
  6 jackals (D:1)
  3 bats (D:1)
  A frilled lizard (D:1)
  2 kobolds (D:1)
  2 rats (D:1)
25 creatures vanquished.

Notes
Turn   | Place    | Note
-------+----------+-------------------------------------------
     0 | D:1      | polly the Draconian Skald began the quest for the Orb.
     0 | D:1      | Reached XP level 1. HP: 17/17 MP: 3/3
    76 | D:1      | Reached XP level 2. HP: 9/25 MP: 0/5
    82 | D:1      | Reached skill level 3 in Charms
   704 | D:1      | Reached XP level 3. HP: 30/30 MP: 6/6
   828 | D:1      | HP: 1/30 [gnoll/flail of protection (3)]
   831 | D:1      | Slain by a gnoll

Vault maps used:
D:1:      dpeg_arrival_round_c

Skill      XL: |  1  2 |
---------------+-------+-----
Charms         | 3 |  3.2
Fighting       | |  2.5
Maces & Flails | |  2.2
Dodging        | |  2.4
Spellcasting   | |  2.2

Action                   || total
-------------------------++-------
Melee: Mace              ||   117
       Tailslap          ||    11
 Cast: Infusion          ||     2
 Stab: Sleeping          ||     2
Armor: Skin              ||    59
Dodge: Dodged            ||   116
